 Dungeon Crawl Stone Soup version 0.26.0-16-gc1dbca0489 (webtiles) character file.

Game seed: 17131456901766668575

87 thiole the Sneak (level 4, -1/27 HPs)
             Began as an Octopode Hedge Wizard on Jan 22, 2021.
             Was a Follower of Elyvilon.
             Slain by a scorpion (4 damage)
             ... on level 3 of the Dungeon.
             The game lasted 00:03:47 (2537 turns).

thiole the Sneak (Octopode Hedge Wizard)            Turns: 2537, Time: 00:03:48

Health: -1/27      AC:  1    Str:  9    XL:     4   Next: 51%
Magic:  4/8        EV: 10    Int: 17    God:    Elyvilon [*.....]
Gold:   131        SH:  7    Dex: 11    Spells: 3/9 levels left

rFire    . . .     SeeInvis .   p - +2 falchion (holy)
rCold    . . .     Faith    .   c - +0 kite shield
rNeg     . . .     Spirit   .   b - +0 hat
rPois    .         Reflect  .   e - amulet of regeneration
rElec    .         Harm     .   (no ring)
rCorr    .         Rampage  .   (no ring)
Will     .....                  (no ring)
Stlth    +++.......             (no ring)
HPRegen  0.49/turn              (no ring)
MPRegen  0.11/turn              (no ring)
                                (no ring)
                                (no ring)

@: mighty, lethally poisoned (-1 -> -10), very slightly contaminated
A: almost no armour, stealthy swim, amphibious, 8 rings, constrict 8, camouflage
1, gelatinous body 1
a: Renounce Religion, Lesser Healing, Divine Protection


You were on level 3 of the Dungeon.
You worshipped Elyvilon.
Elyvilon was aware of your devotion.
You visited 1 branch of the dungeon, and saw 3 of its levels.

You collected 131 gold pieces.

Inventory:

Hand Weapons
 a - a +0 dagger
 p - a +2 falchion of holy wrath (weapon)
Armour
 b - a +0 hat (worn)
 c - a +0 kite shield (worn)
 q - a +2 buckler
Jewellery
 e - an amulet of regeneration (around mantle)
 i - a cursed -4 ring of intelligence {unknown}
Scrolls
 d - a scroll of teleportation
 f - 2 scrolls of magic mapping
Potions
 h - a potion of heal wounds {unknown}
 k - a potion of might
 l - a potion of flight {unknown}
 n - 2 potions of cancellation {unknown}
 o - a potion of curing {unknown}


   Skills:
 + Level 0.4 Fighting
 - Level 2.0 Dodging
 + Level 3.3 Stealth
 * Level 2.0 Shields
 + Level 3.3 Spellcasting
 - Level 2.0 Conjurations
 - Level 2.0 Summonings
 - Level 1.0 Translocations


You had 3 spell levels left.
You knew the following spells:

 Your Spells              Type           Power        Failure   Level
a - Magic Dart            Conj           36%          38%         1
b - Slow                  Hex            2%           80%         2
c - Mephitic Cloud        Conj/Pois/Air  5%           91%         3

Your spell library contained the following spells:

 Spells                   Type           Power        Failure   Level
 Call Imp                 Summ           9%           52%         2
 Blink                    Tloc           N/A          65%         2
 Conjure Flame            Conj/Fire      6%           88%         3
 Irradiate                Conj/Tmut      3%           100%        5
 Hydra Form               Tmut           1%           100%        6
 Statue Form              Tmut/Erth      1%           100%        6
 Dragon Form              Tmut           1%           100%        7


Dungeon Overview and Level Annotations

Branches:
Dungeon (3/15)

Altars:
Cheibriados
Elyvilon


Innate Abilities, Weirdness & Mutations

You cannot wear most types of armour.
You are very stealthy in the water. (Stealth+)
You are amphibious.
You can wear up to eight rings at the same time.
You can use your tentacles to constrict eight enemies at once.
Your skin changes colour to match your surroundings (Stealth+).
Your rubbery body absorbs attacks. (AC +1, EV +1)


Message History

You miscast Magic Dart.
You are very lightly contaminated with residual magic.
Nothing appears to happen.
You miscast Magic Dart.
Nothing appears to happen.
You completely miss the scorpion. Your grab misses the scorpion.
You squeeze the scorpion, but do no damage.
The scorpion stings you. The scorpion stings you!
You are poisoned.
The scorpion poisons you!
You hit the scorpion. Your grab misses the scorpion.
You squeeze the scorpion, but do no damage.
The scorpion is lightly wounded.
You feel sick. The scorpion stings you!
* * * LOW HITPOINT WARNING * * *
You are lethally poisoned!
The scorpion poisons you!
You feel very mighty all of a sudden.
* * * LOW HITPOINT WARNING * * *
You feel sick. The scorpion stings you.
You die...

..,,,,,,,,,,,,,,,,,,,,,,,,,+,,,,,
##*,,,,,,,.......#,*********,,,,,
,,*,****,*,......#,# *,,,,,
,,+,,,,,,*,,.....#.# *,,,,,
,,**,*****,,,....#.# *,,,,,
,,**,* *,,,,...#.# *,,,,,
,,**,*****,,,,,....##### ****,,
,,**,,,,,,,,*+*#s......# **,
,,**,,,,***,*,*#@......# *,
,,,,,,,,* *,*,*#)......# **
,,,,,,,,* *,*,,.)......# *****
,,,,,,,,* *,*,........## *,,,,
,,,,,,,,* *,*.........#******,,,,
,,,,,,,,* *,..........+,,,,,+,,,,
,,,,,,,,* *##.........#******,,,,
,,,,,,,,****#.........#******,,,,
,,,,,,,,*,,,**,,,,,,,,,,,,,**,,,,


You could see a scorpion.

Vanquished Creatures
  3 adders (D:2)
  A worm (D:3)
  2 dart slugs (D:2)
  A leopard gecko (D:2)
  8 orcs (D:3)
  7 bats
  4 giant cockroaches
  4 goblins
  2 hobgoblins
  A quokka (D:2)
  A frilled lizard (D:2)
  5 kobolds
  5 rats
44 creatures vanquished.

Notes
Turn   | Place    | Note
-------+----------+-------------------------------------------
     0 | D:1      | thiole the Octopode Hedge Wizard began the quest for the
                  | Orb.
     0 | D:1      | Reached XP level 1. HP: 11/11 MP: 4/4
   497 | D:1      | Reached XP level 2. HP: 7/17 MP: 0/6
  1135 | D:2      | Reached skill level 1 in Shields
  1135 | D:2      | Reached XP level 3. HP: 16/21 MP: 2/7
  1208 | D:2      | Found a white marble altar of Elyvilon.
  1216 | D:2      | Became a worshipper of Elyvilon the Healer
  1611 | D:2      | Reached XP level 4. HP: 18/27 MP: 1/8
  1614 | D:2      | Learned a level 2 spell: Slow
  1618 | D:2      | Learned a level 3 spell: Mephitic Cloud
  1677 | D:2      | Found a snail-covered altar of Cheibriados.
  2055 | D:2      | Found a faded altar of an unknown god.
  2414 | D:3      | Reached * piety under Elyvilon
  2537 | D:3      | Slain by a scorpion

Illustrated notes

Levels and vault maps discovered:
D:1:      dpeg_arrival_refuge, layout_loops_ring
D:2:      layout_loops_ring, elyvilon_altar_3, chequers_ecumenical_altar_grove,
          chequers_arboretum, kennysheep_slug_shrine
D:3:      layout_basic

Skill      XL: |  1  2  3  4 |
---------------+-------------+-----
Stealth        | 3 |  3.3
Shields        | 1 2 |  2.0
Conjurations   | 2 |  2.0
Summonings     | 2 |  2.0
Fighting       | |  0.4
Dodging        | |  2.0
Spellcasting   | |  3.3
Translocations | |  1.0

Action                   |  1- 3 |  4- 6 || total
-------------------------+-------+-------++-------
Melee: Dagger            |    58 |     7 ||    65
       Constrict         |    15 |     5 ||    20
       Tentacles         |     6 |     7 ||    13
       Falchion          |       |    14 ||    14
 Cast: Magic Dart        |    44 |    24 ||    68
  Use: Scroll            |       |     5 ||     5
       Potion            |       |     1 ||     1
Armor: Skin              |    11 |     2 ||    13
Dodge: Dodged            |    28 |     3 ||    31
Block: Kite shield       |    21 |     5 ||    26
